 Dungeon Crawl Stone Soup version 0.27.1-1-g398f81649c (webtiles) character file.

Game seed: 17205382041330891348

449 sven the Basher (level 6, -3/51 HPs)
             Began as a Minotaur Berserker on Sept 10, 2021.
             Was a Priest of Trog.
             Slain by an ogre (23 damage)
             ... on level 4 of the Dungeon.
             The game lasted 00:16:46 (4509 turns).

sven the Basher (Minotaur Berserker)                Turns: 4509, Time: 00:16:47

Health: -3/51      AC:  7    Str: 22    XL:     6   Next: 74%
Magic:  5/5        EV: 10    Int:  6    God:    Trog [***...]
Gold:   197        SH:  0    Dex:  9    Spells: 5/5 levels left

rFire    . . .     SeeInvis .   g - +2 scythe (freeze)
rCold    . . .     Faith    .   (shield currently unavailable)
rNeg     . . .     Spirit   .   t - +0 scale mail {rPois}
rPois    +         Reflect  .   (helmet restricted)
rElec    .         Harm     .   (no cloak)
rCorr    .         Rampage  .   l - +0 pair of gloves
Will     .....                  (no boots)
Stlth    ..........             i - amulet of the acrobat
HPRegen  0.17/turn              (no ring)
MPRegen  0.09/turn              (no ring)

@: no status effects
A: horns 2, retaliatory headbutt
a: Renounce Religion, Berserk, Trog's Hand


You were on level 4 of the Dungeon.
You worshipped Trog.
Trog was most pleased with you.
You visited 1 branch of the dungeon, and saw 5 of its levels.

You collected 197 gold pieces.

Inventory:

Hand Weapons
 a - a +0 mace
 g - a +2 scythe of freezing (weapon)
 s - a +2 dagger of speed
Armour
 b - a +0 animal skin
 h - a +1 robe of fire resistance
 j - a +0 ring mail
 l - a +0 pair of gloves (worn)
 q - a +0 leather armour
 t - a +0 scale mail of poison resistance (worn)
Jewellery
 i - an amulet of the acrobat (around neck)
Wands
 n - a wand of polymorph (6)
Scrolls
 e - a scroll of amnesia {unknown}
 k - 2 scrolls of teleportation {unknown}
 m - a scroll of summoning {unknown}
 o - a scroll of magic mapping {unknown}
 p - a scroll of identify {unknown}
Potions
 c - 3 potions of might {unknown}
 d - 2 potions of heal wounds {unknown}
 f - a potion of flight {unknown}
 r - 3 potions of curing {unknown}
 u - a potion of mutation {unknown}
 v - a potion of lignification {unknown}


   Skills:
 - Level 3.6 Fighting
 + Level 9.2 Maces & Flails
 - Level 2.4 Armour
 - Level 2.1 Dodging


You had 5 spell levels left.
You didn't know any spells.
Your spell library was empty.

Dungeon Overview and Level Annotations

Branches:
Dungeon (5/15)
 Temple: D:4-7

Altars:
Sif Muna
Vehumet
Xom


Innate Abilities, Weirdness & Mutations

You have a pair of horns on your head.
You reflexively headbutt those who attack you in melee.


Message History

An ogre comes into view. It is wielding a +0 giant club.
The ogre shouts!
There is an open door here.
You reach to attack!
You slash the ogre! You freeze the ogre.
The ogre is severely wounded.
The ogre barely misses you.
You hit the ogre. You freeze the ogre.
The ogre is almost dead.
The ogre closely misses you.
You slash the ogre! You freeze the ogre.
You kill the ogre!
Trog accepts your kill.
Your Maces & Flails skill increases to level 9!
No target in view!
You see here a +0 giant club.
There is an open door here.
An adder comes into view.
The adder hisses angrily.
You reach to attack!
You slash the adder! You freeze the adder.
You kill the adder!
Trog accepts your kill.
No target in view!
No target in view!
No target in view!
You see here an adder corpse.
There is an open door here.
You see here a +0 giant club.
Found a stone staircase leading up.
An ogre comes into view. It is wielding a +0 giant club.
Found a robe.
The ogre shouts!
You reach to attack!
You slash the ogre! You freeze the ogre.
The ogre is heavily wounded.
The ogre hits you with a +0 giant club!!
Your scale mail prevents you from hitting the ogre.
You headbutt the ogre!
The ogre is almost dead.
The ogre hits you with a +0 giant club!
The ogre hits you with a +0 giant club!!
You die...

#.#.#####...........
###.# #...........
#.# #...........
#.##########'#####
#.#........#.#
#.#.#......#.## #
#.#.#.........####
#.#.........>)...'
#@#.#.#######)####
#....O#.#.# #.# #
#.#...#.#.#######.#
# #.#<#...).......#
# #.#.###.######..#
# #[#.. #.######..#
# # ..# #.........#
# ### #########.#
#.#


You could see an ogre.

Vanquished Creatures
  Sigmund (D:1)
  An ogre (D:4)
  A jelly (D:4)
  Jessica (D:2)
  An orc wizard (D:4)
  3 adders
  An adder skeleton (D:4)
  A worm (D:2)
  4 dart slugs
  9 orcs
  5 ball pythons
  5 bats
  6 endoplasms
  4 giant cockroaches
  6 goblins
  6 hobgoblins
  4 jackals (D:1)
  4 quokkas
  6 frilled lizards
  4 kobolds
  9 rats
82 creatures vanquished.

Vanquished Creatures (others)
  An orc (D:3)
  3 ball pythons (D:3)
  A bat (D:3)
  A rat (D:3)
6 creatures vanquished.

Grand Total: 88 creatures vanquished

Notes
Turn   | Place    | Note
-------+----------+-------------------------------------------
     0 | D:1      | sven the Minotaur Berserker began the quest for the Orb.
     0 | D:1      | Reached XP level 1. HP: 19/19 MP: 0/0
    86 | D:1      | Reached skill level 4 in Maces & Flails
   119 | D:1      | Reached XP level 2. HP: 22/26 MP: 1/1
   432 | D:1      | Reached skill level 5 in Maces & Flails
   442 | D:1      | Reached ** piety under Trog
   444 | D:1      | Reached XP level 3. HP: 29/31 MP: 2/2
   662 | D:1      | Found a faded altar of an unknown god.
   895 | D:2      | Noticed Sigmund
  1722 | D:1      | Killed Sigmund
  1723 | D:1      | Reached skill level 7 in Maces & Flails
  1723 | D:1      | Reached XP level 4. HP: 30/39 MP: 3/3
  1723 | D:1      | Reached XP level 5. HP: 35/45 MP: 4/4
  1842 | D:2      | Noticed Jessica
  1848 | D:2      | Killed Jessica
  2757 | D:3      | Reached skill level 8 in Maces & Flails
  2959 | D:3      | Found a radiant altar of Vehumet.
  2959 | D:3      | Found a shimmering blue altar of Sif Muna.
  3194 | D:3      | Reached XP level 6. HP: 46/51 MP: 5/5
  3244 | D:3      | Found a shimmering altar of Xom.
  3755 | D:4      | HP: 1/51 [something/magic dart (5)]
  3762 | D:5      | Entered Level 5 of the Dungeon
  4429 | D:4      | Reached *** piety under Trog
  4463 | D:4      | Reached skill level 9 in Maces & Flails
  4509 | D:4      | Slain by an ogre

Illustrated notes

Levels and vault maps discovered:
D:1:      minmay_arrival_three_doors, layout_rooms,
          hellmonk_ecumenical_altar_inner_sanctum
D:2:      layout_rooms, minmay_misc_feat_x, kennysheep_cross_bottleneck,
          uniq_jessica, uniq_sigmund
D:3:      layout_basic, xom_confusion_cloud, gammafunk_temple_overflow_statue,
          mrwooster_statue_mirror, chequers_serial_rivers_micro_b,
          kennysheep_generic_room_16
D:4:      layout_basic, uniq_robin
D:5:      layout_gridville

Skill      XL: |  1  2  3  4  5  6 |
---------------+-------------------+-----
Maces & Flails | 4 5 7 8 9 |  9.2
Fighting       | |  3.6
Armour         | |  2.4
Dodging        | |  2.1

Action                   |  1- 3 |  4- 6 || total
-------------------------+-------+-------++-------
Melee: Mace              |    58 |       ||    58
       Headbutt          |     6 |    11 ||    17
       Scythe            |       |   126 ||   126
 Stab: Sleeping          |     1 |       ||     1
Armor: Animal skin       |    11 |       ||    11
       Robe              |       |    14 ||    14
       Scale mail        |       |    57 ||    57
Dodge: Dodged            |    39 |   102 ||   141
